AoeStats
← LEOn

Arabia

510909873Analyzed
2v2 RM · 14h ago on Oct 3, 2026· 89m 18s· 4 players
Game mode
Random Map
Map size
Medium (4 player)
Population
200
Speed
Normal
Resources
Standard
Victory
Conquest
Starting age
Dark Age
Ending age
Imperial Age
RankedLock teamsTeams togetherTeam positionsShared explorationLock speedFull tech treeHidden civsTurbo modeCheats
Victory
Defeat
🇧🇷 Malay · Brazil
753
+16
🇧🇷 Teutons · Brazil
735
+17
🇨🇱 Magyars · Chile
765
-17
🇨🇱 Franks · Chile
744
-16
LEOn
12:51 Feudal Age
13:49 Double-Bit Axe
16:14 Wheelbarrow
23:09 Castle Age
22:34 Horse Collar
22:48 Gold Mining
22:48 Stone Mining
24:31 Hand Cart
27:40 Stone Shaft Mining
27:27 Pikeman
38:45 Caravan
39:15 Coinage
43:57 Imperial Age
40:52 Man-at-Arms
41:33 Squires
41:19 Arson
43:05 Forging
42:56 Scale Mail Armor
45:19 Heavy Plow
45:21 Halberdier
45:22 Long Swordsman
47:46 Banking
48:41 Iron Casting
48:07 Scale Mail Armor
48:50 Elite Teutonic Knight
50:44 Chemistry
50:05 Ballistics
52:33 Ironclad
53:16 Heavy Scorpion
54:52 Heated Shot
56:15 Crop Rotation
56:01 Bow Saw
55:22 Capped Ram
58:47 Blast Furnace
58:02 Chain Mail Armor
57:55 Scale Barding Armor
59:20 Guilds
59:22 Onager
63:57 Plate Mail Armor
63:50 Chain Barding Armor
63:29 Cavalier
64:20 Siege Onager
66:43 Two-Man Saw
65:15 Paladin
68:48 Plate Barding Armor
Vine Cintra
0:27 Loom
10:51 Feudal Age
11:45 Wheelbarrow
11:17 Double-Bit Axe
15:02 Horse Collar
20:52 Castle Age
19:18 Stone Mining
19:52 Fletching
23:02 Gold Mining
25:23 Bow Saw
26:24 Heavy Plow
27:03 Bodkin Arrow
29:16 Hand Cart
28:37 Man-at-Arms
29:17 Squires
29:03 Arson
29:31 Forging
29:23 Padded Archer Armor
31:06 Pikeman
31:09 Crossbowman
31:55 Thumb Ring
32:07 Leather Archer Armor
35:08 Imperial Age
32:19 Long Swordsman
33:48 Elite Skirmisher
35:06 Iron Casting
35:29 Halberdier
40:22 Ring Archer Armor
39:52 Bracer
40:53 Blast Furnace
42:38 Ballistics
43:19 Chemistry
43:24 Forced Levy
45:27 Two-Handed Swordsman
45:33 Elite Skirmisher
45:33 Arbalester
49:56 Gold Shaft Mining
52:06 Masonry
61:19 Onager
turcó
10:55 Feudal Age
12:26 Loom
17:57 Wheelbarrow
19:23 Castle Age
21:06 Scale Barding Armor
22:04 Husbandry
22:30 Horse Collar
23:24 Bloodlines
23:23 Double-Bit Axe
27:37 Heavy Plow
27:25 Town Watch
27:52 Bow Saw
28:26 Gold Mining
28:26 Stone Mining
32:57 Caravan
34:23 Gold Shaft Mining
35:59 Chain Barding Armor
40:07 Imperial Age
39:42 Hand Cart
40:11 Padded Archer Armor
40:02 Fletching
40:48 Town Patrol
41:23 Heavy Scorpion
41:55 Elite Magyar Huszar
44:36 Chemistry
46:27 Corvinian Army
48:08 Ballistics
54:42 Masonry
54:27 Murder Holes
55:48 Two-Man Saw
55:58 Plate Barding Armor
Charqui123
6:45 Loom
10:16 Feudal Age
11:28 Double-Bit Axe
15:16 Forging
25:34 Castle Age
24:51 Fletching
27:05 Husbandry
26:38 Elite Skirmisher
28:34 Bow Saw
30:08 Iron Casting
29:31 Bodkin Arrow
33:12 Scale Barding Armor
34:11 Wheelbarrow
36:43 Gold Mining
39:15 Hand Cart
41:48 Imperial Age
40:44 Padded Archer Armor
46:43 Cavalier
50:43 Gold Shaft Mining
54:27 Paladin
59:30 Blast Furnace
66:49 Chain Barding Armor
79:44 Plate Barding Armor
Connection lost

Rejoining the realm…

Still unreachable

The connection could not be restored.

Session expired

The server has moved on; the page needs a fresh start.